 Dungeon Crawl Stone Soup version 0.28.0-43-g3370ac3207 (webtiles) character file.

Game seed: 6797556245743979636

1934 NinjaNoafa the Changer (level 8, 0/67 HPs)
             Began as a Pale Draconian Transmuter on Mar 30, 2022.
             Was a Priest of the Shining One.
             Slain by Maggie
             ... wielding a +2 halberd of flaming
              (1 damage)
             ... on level 6 of the Dungeon on Apr 1, 2022.
             The game lasted 00:38:03 (6945 turns).

NinjaNoafa the Changer (Pale Draconian Transmuter)  Turns: 6945, Time: 00:38:04

Health: 0/67       AC:  6    Str: 12    XL:     8   Next: 97%
Magic:  14/14      EV: 13    Int: 27    God:    the Shining One [***...]
Gold:   98         SH:  0    Dex: 11    Spells: 11/15 levels left

rFire   x . .      SeeInvis .   g - +4 club (spect)
rCold   + . .      Faith    .   (no shield)
rNeg    + + .      Spirit   .   (armour unavailable)
rPois   .          Reflect  .   (helmet restricted)
rElec   .          Harm     .   (no cloak)
rCorr   .          Rampage  .   (no gloves)
Will    .....                   (no boots)
Stlth   +.........              k - amulet of the acrobat
HPRegen 0.21/turn               q - ring "Niej" {Ice Contam Int+10}
MPRegen 0.14/turn               n - ring of positive energy

@: mighty, weak-willed, glowing
A: breathe steam, AC +6, unfitting armour, cold-blooded, steam resistance
a: Breathe Steam, Renounce Religion, Divine Shield, Cleansing Flame


You were on level 6 of the Dungeon.
You worshipped the Shining One.
The Shining One was most pleased with you.
You visited 1 branch of the dungeon, and saw 6 of its levels.

You collected 199 gold pieces.
You spent 101 gold pieces at shops.

Inventory:

Hand Weapons
 a - a +0 spear
 g - a +4 spectral club (weapon)
 h - a +3 war axe
 r - a +3 long sword
Missiles
 d - 85 stones
 j - 15 bolts
 p - 3 poisoned darts (quivered)
Jewellery
 k - an amulet of the acrobat (around neck)
 l - an amulet of the acrobat
 n - a ring of positive energy (right hand)
 q - the ring "Niej" (left hand) {Ice Contam Int+10}
   (You found it on level 5 of the Dungeon)

   [ring of ice]

   It enhances your ice magic.
   Int:       It affects your intelligence (+10).
   rF:        It makes you vulnerable to fire.
   rC:        It protects you from cold.
   Contam:    It causes magical contamination when unequipped.
Scrolls
 b - 3 scrolls of torment
 c - 4 scrolls of identify
 e - a scroll of amnesia
 i - 3 scrolls of fog
 m - a scroll of enchant armour
 o - a scroll of magic mapping


   Skills:
 + Level 4.5 Fighting
 + Level 4.8 Maces & Flails
 + Level 4.0 Dodging
 + Level 3.8 Stealth
 - Level 3.3 Unarmed Combat
 + Level 4.0 Spellcasting
 * Level 6.1 Transmutations
 * Level 2.3 Poison Magic


You had 11 spell levels left.
You knew the following spells:

 Your Spells              Type           Power      Damage    Failure   Level
a - Beastly Appendage     Tmut           76%        N/A       1%          1
b - Spider Form           Tmut/Pois      28%        N/A       4%          3

Your spell library contained the following spells:

 Spells                   Type           Power      Damage    Failure   Level
 Wereblood                Tmut           38%        N/A       1%          2
 Blink                    Tloc           10%        N/A       12%         2
 Ice Form                 Ice/Tmut       33%        N/A       22%         4
 Flame Wave               Conj/Fire      5%         2d5       61%         4
 Fulminant Prism          Conj/Hex       2%         3d6       61%         4
 Iskenderun's Mystic Bla  Conj/Tloc      5%         2d3       61%         4
 Manifold Assault         Tloc           5%         N/A       91%         5
 Storm Form               Tmut/Air       11%        N/A       100%        7


Dungeon Overview and Level Annotations

Branches:
Dungeon (6/15)
 Temple: D:4-7

Altars:
Fedhas
Gozag
Sif Muna
The Shining One

Shops:
D:2 *   D:4 ?   D:5 !   D:6 !

Annotations:
D:6 Maggie


Innate Abilities, Weirdness & Mutations

You can breathe blasts of scalding, opaque steam.
Your pale cyan-grey scales are hard. (AC +6)
You cannot fit into any form of body armour.
You are cold-blooded and may be slowed by cold attacks.
You are immune to the effects of steam.


Message History

Maggie points at you and mumbles some strange words.
The bolt of fire hits you!! The fire burns you terribly!
As you read the scroll of teleportation, it crumbles to dust.
You feel strangely unstable.
Maggie gestures wildly while chanting.
Maggie draws you further into her thrall.
Maggie hits you with a +2 halberd of flaming!
Maggie burns you. Maggie closely misses you. Maggie barely misses you.
You hit Maggie but do no damage.
Your +4 spectral club completely misses Maggie.
Your surroundings seem slightly different.
You are no longer entranced.
Level annotation: Maggie Welcome back, NinjaNoafa the Pale Draconian Transmuter.
The Shining One says: Lead the forces of light to victory!
Press ? for a list of commands and other information.
You feel better.
Maggie hits you from afar with a +2 halberd of flaming!
Maggie burns you.
* * * LOW HITPOINT WARNING * * *
You feel very mighty all of a sudden. Maggie closely misses you.
Maggie casts a spell at you. The bolt of fire misses you.
You hit Maggie.
Your tail-slap misses Maggie.
Maggie is lightly wounded.
Your +4 spectral club hits Maggie.
The sentinel's mark upon you fades away.
Maggie hits you with a +2 halberd of flaming.
* * * LOW HITPOINT WARNING * * *
Maggie burns you.
* * * LOW HITPOINT WARNING * * *
As you read the scroll of vulnerability, it crumbles to dust.
Magic quickly surges around you.
Maggie hits you with a +2 halberd of flaming!
* * * LOW HITPOINT WARNING * * *
Maggie burns you.
You die...

...........####........#
#.......#..........####
.#)..............#....<.
.................[....#...###
##...##...#......[....#..## ##..
#....#...........#..### .##. ...
#...#..................# ..#. ..
............[@#.....[..###.... .
.............§@#......)........
...............##.............#
....##........##.............#
)...............###.##.†.........
................# #..............
.............<..#................
..........#......................
..........#................!.##..
..........#...#............#.....


You could see Maggie (weak-willed).

Vanquished Creatures
  The ghost of Icepheonix32 the Vexing, a novice DsFi of Uskayaw (D:5)
  2 black bears (D:5)
  2 necrophages
  An ogre (D:4)
  3 phantoms
  A scorpion (D:5)
  A wyvern skeleton (D:6)
  A water moccasin zombie (D:5)
  2 water moccasin skeletons (D:4)
  4 wights (D:6)
  A bullfrog zombie (D:6)
  4 jellies (D:5)
  2 centaur skeletons
  2 orc priests (D:4)
  2 bullfrog skeletons
  An iguana (D:5)
  Ijyb (D:3)
  5 gnolls
  2 howler monkey skeletons
  3 adders
  A shadow imp (D:6)
  2 ufetubi
  An adder skeleton (D:4)
  3 worms
  5 orcs
  7 ball pythons
  5 bats
  6 endoplasms
  A giant cockroach (D:2)
  8 goblins
  6 hobgoblins
  A jackal (D:2)
  4 quokkas
  A frilled lizard (D:3)
  5 kobolds
  5 rats
102 creatures vanquished.

Vanquished Creatures (others)
  4 fungi (D:1)
4 creatures vanquished.

Grand Total: 106 creatures vanquished

Notes
Turn   | Place    | Note
-------+----------+-------------------------------------------
     0 | D:1      | NinjaNoafa the Draconian Transmuter began the quest for the
                  | Orb.
     0 | D:1      | Reached XP level 1. HP: 16/16 MP: 3/3
   328 | D:1      | Reached XP level 2. HP: 6/23 MP: 3/5
   640 | D:1      | Found a faded altar of an unknown god.
   651 | D:1      | Prayed at the altar of an unknown god.
   651 | D:1      | Became a worshipper of the Shining One
   651 | D:1      | Reached * piety under the Shining One
  1294 | D:2      | Found Bitufri's General Store.
  1346 | D:2      | Identified a scroll of acquirement
  1346 | D:2      | Acquired the Incunabulum of Combat Magic
  1352 | D:2      | Reached XP level 3. HP: 7/28 MP: 4/6
  2048 | D:3      | Reached skill level 1 in Stealth
  2067 | D:3      | Noticed Ijyb
  2094 | D:3      | Killed Ijyb
  2095 | D:3      | Reached XP level 4. HP: 16/36 MP: 5/7
  2362 | D:3      | Reached skill level 3 in Transmutations
  2864 | D:4      | Noticed a necrophage
  2864 | D:4      | Reached ** piety under the Shining One
  2880 | D:4      | Killed a necrophage
  2881 | D:4      | Reached skill level 1 in Maces & Flails
  2881 | D:4      | Reached XP level 5. HP: 32/41 MP: 8/8
  3289 | D:4      | Found Wimir's Magic Scroll Boutique.
  3300 | D:4      | Bought a scroll of fear for 49 gold pieces
  3411 | D:4      | Reached XP level 6. HP: 24/50 MP: 7/10
  3810 | D:4      | The Shining One protects you from harm!
  3814 | D:4      | Reached skill level 4 in Transmutations
  4143 | D:4      | Found an opulent altar of Gozag.
  4143 | D:4      | Found a blossoming altar of Fedhas.
  4235 | D:5      | Entered Level 5 of the Dungeon
  4266 | D:5      | Your scales start taking on a pale cyan-grey colour.
  4266 | D:5      | Reached XP level 7. HP: 34/57 MP: 11/11
  4266 | D:5      | Gained mutation: You are immune to the effects of steam.
                  | [Pale Draconian growth]
  4367 | D:5      | Found a transporter.
  4400 | D:5      | Noticed Icepheonix32's ghost (novice DsFi)
  4401 | D:5      | Found a transporter.
  4442 | D:5      | Killed Icepheonix32's ghost
  4443 | D:5      | Reached skill level 5 in Transmutations
  4636 | D:5      | Reached XP level 8. HP: 52/66 MP: 13/13
  4793 | D:5      | Identified the ring "Niej" {Ice Contam Int+10}
  5134 | D:5      | Learned a level 3 spell: Spider Form
  5852 | D:5      | Found Goug's Distillery.
  5862 | D:5      | Bought a potion of might for 52 gold pieces
  6118 | D:5      | Reached *** piety under the Shining One
  6406 | D:6      | Noticed Maggie
  6431 | D:6      | Found a shimmering blue altar of Sif Muna.
  6541 | D:6      | Found Waqaquw's Distillery.
  6546 | D:6      | Reached skill level 1 in Poison Magic
  6823 | D:6      | Reached skill level 6 in Transmutations
  6945 | D:6      | HP: 1/67 [Maggie/+2 halberd of flaming (17)]
  6945 | D:6      | Slain by Maggie

Illustrated notes

Levels and vault maps discovered:
D:1:      wander_arrival_fairy_ring, layout_loops_ring,
          shapermc_ecumenical_altar_starsandcircs, dk_noncrumbling_2,
          chequers_serial_rivers_micro_a
D:2:      minmay_chambers_of_twos, layout_rooms, serial_shops,
          nicolae_shop_competitors_out_of_business, kennysheep_generic_room_9
D:3:      layout_basic, hex_large, interstate_on_off, uniq_ijyb
D:4:      minmay_angry_zag, layout_cave_pods,
          gammafunk_temple_overflow_elements, serial_shops,
          nicolae_diamond_shop, minmay_tree_intersection
D:5:      layout_loops_corners, gammafunk_ghost_mausoleum, serial_shops,
          shop_fountains
D:6:      layout_cave_pools, nicolae_sif_muna_little_library,
          nicolae_ru_the_path_less_chosen, minmay_temple_entry_stoned_glass,
          serial_shops, shop, uniq_maggie

Skill      XL: |  1  2  3  4  5  6  7  8 |
---------------+-------------------------+-----
Dodging        | 2 3 4 |  4.0
Stealth        | 1 2 3 |  3.8
Transmutations | 3 4 5 6 |  6.1
Fighting       | 2 3 4 |  4.5
Maces & Flails | 1 2 3 4 |  4.8
Spellcasting   | 3 4 |  4.0
Poison Magic   | 2 |  2.3
Unarmed Combat | |  3.3

Action                   |  1- 3 |  4- 6 |  7- 9 || total
-------------------------+-------+-------+-------++-------
Melee: Unarmed           |    74 |       |    32 ||   106
       Tailslap          |    15 |    10 |    18 ||    43
       Kick              |    10 |    12 |    21 ||    43
       Spear             |    16 |       |       ||    16
       Headbutt          |     7 |     5 |    15 ||    27
       Punch             |     2 |       |     3 ||     5
       Club              |       |    57 |   102 ||   159
Throw: Dart              |     2 |     4 |     8 ||    14
       Javelin           |       |     2 |     2 ||     4
       Stone             |       |    14 |     1 ||    15
 Cast: Beastly Appendage |    15 |     5 |     9 ||    29
       Spider Form       |       |       |     3 ||     3
Invok: Divine Shield     |       |     1 |       ||     1
 Abil: Breathe Steam     |       |       |     3 ||     3
       End Transformatio |       |       |     1 ||     1
  Use: Scroll            |     2 |     3 |    13 ||    18
       Potion            |     1 |     1 |     4 ||     6
Armor: Skin              |    17 |    10 |    53 ||    80
Dodge: Dodged            |    56 |    45 |   145 ||   246
Block: Other             |       |     1 |       ||     1
